cohdb
Replays
Latest Replays
All Replays
Popular Replays
Top Player Replays
Match Explorer
How It Works
Community
CoH3 Stats
Reddit
Sign in to upload your games and track your stats! →
Sign in with Steam
Match 42753101
Unlisted
Match 42753101
Overview
Messages
Build Orders
End
Vickers Machine Gun Team
Vickers Machine Gun Team
Construct Section Command Post
Infantry Section
Construct Field Infirmary
Grenade Package
Construct Platoon Command Post
Selects Air and Sea Battlegroup
Selects Commando Section Paradrop
Selects M1 Pack Howitzer Paradrop
M1 Pack Howitzer Paradrop
M1 Pack Howitzer Paradrop
6-pounder Anti-tank Gun Team
M1 Pack Howitzer Paradrop
Commando Section Paradrop
DMusicMan
John★miller.us
Jarkke
Setti-Veke
0
0
Comments
sign in to comment!
No comments posted yet!